| TOP OF THE 1ST |
|
Los Angeles (NYP) Dodgers batting - Pitching for Batavia Muckdogs : RHP Ib Skovgaard
|
|
Pitching: RHP Ib Skovgaard
|
|
|
Batting: LHB Jose Mojica
|
0-0: Swinging Strike 0-1: Ball 1-1: Swinging Strike 1-2: Strikes out swinging
|
|
Batting: RHB Jonathan Underhill
|
0-0: Called Strike 0-1: Foul Ball, location: 2F 0-2: Ball 1-2: Foul Ball, location: 2F 1-2: Foul Ball, location: 2F 1-2: Fly out, F8 (Flyball, 8RD, EV 91.2 MPH)
|
|
Batting: LHB Robin More
|
0-0: DOUBLE (Groundball, 5L, EV 103.8 MPH)
|
|
Batting: SHB Justin Toth
|
0-0: Ball 1-0: Ball 2-0: Ball 3-0: Base on Balls
|
|
Batting: RHB Aaron Burress
|
0-0: Ball 1-0: Ball 2-0: Ball 3-0: Base on Balls Robin More to third Justin Toth to second
|
|
Batting: RHB Kyle Garrett
|
0-0: Fielders Choice at 2nd, 5-4 (Groundball, 56, EV 90.6 MPH)
|
| Top of the 1st over - 0 runs, 1 hit, 0 errors, 3 left on base; Los Angeles (NYP) 0 - Batavia 0 |
| BOTTOM OF THE 1ST |
|
Batavia Muckdogs batting - Pitching for Los Angeles (NYP) Dodgers : RHP Will Lane
|
|
Pitching: RHP Will Lane
|
|
|
Batting: LHB Orlando Rivera
|
0-0: Ball 1-0: Called Strike 1-1: Foul Ball, location: 2F 1-2: Ball 2-2: Strikes out swinging
|
|
Batting: RHB Manuel Taveras
|
0-0: Called Strike 0-1: Ground out 1-5-3 (Groundball, 15S, EV 105.0 MPH)
|
|
Batting: RHB Nate Crofts
|
0-0: Ball 1-0: Ball 2-0: Foul Ball, location: 2F 2-1: Ball 3-1: Foul Ball, location: 2F 3-2: Foul Ball, location: 2F 3-2: Foul Ball, location: 2F 3-2: Foul Ball, location: 2F 3-2: Base on Balls
|
|
Batting: SHB Matt Moore
|
0-0: Ball 1-0: Foul Ball, location: 2F 1-1: Swinging Strike 1-2: Ball 2-2: Strikes out swinging
|
| Bottom of the 1st over - 0 runs, 0 hits, 0 errors, 1 left on base; Los Angeles (NYP) 0 - Batavia 0 |
| TOP OF THE 2ND |
|
Los Angeles (NYP) Dodgers batting - Pitching for Batavia Muckdogs : RHP Ib Skovgaard
|
|
Batting: RHB Shinji Aizawa
|
0-0: Ball 1-0: Ball 2-0: Ball 3-0: Base on Balls
|
|
Batting: RHB Dave Cordero
|
0-0: Ball 1-0: Foul Ball, location: 2F 1-1: SINGLE (Line Drive, 89M, EV 91.9 MPH) Shinji Aizawa to second Runner from 2nd tries for 3rd, SAFE, throw by CF made to third
|
|
Batting: RHB Nick Massengale
|
0-0: Called Strike 0-1: Foul Ball, location: 2F 0-2: Ball 1-2: Fly out, F5 (Flyball, 5D, EV 91.9 MPH)
|
|
Batting: LHB Jose Mojica
|
0-0: Called Strike 0-1: Ball 1-1: Foul Ball, location: 2F 1-2: Fly out, F7 (Flyball, 78S, EV 85.6 MPH)
|
|
Batting: RHB Jonathan Underhill
|
0-0: Ball 1-0: Called Strike 1-1: SINGLE (Line Drive, 34D, EV 99.4 MPH) Shinji Aizawa scores Dave Cordero to second Runner from 2nd tries for 3rd, SAFE, no throw by RF
|
|
Batting: LHB Robin More
|
0-0: Called Strike 0-1: Ball 1-1: Ball 2-1: Ball 3-1: Base on Balls Jonathan Underhill to second
|
|
Batting: SHB Justin Toth
|
0-0: Ball 1-0: Ball 2-0: Called Strike 2-1: DOUBLE (Line Drive, 7LD, EV 101.9 MPH) Dave Cordero scores Jonathan Underhill scores Robin More to third Runner from 3rd tries for Home, SAFE, throw by LF to home
|
|
Batting: RHB Aaron Burress
|
0-0: Ball 1-0: Ball 2-0: Called Strike 2-1: SINGLE (Groundball, 6MD, EV 93.8 MPH) Justin Toth to third Runner from 3rd tries for Home, SAFE, throw by CF to home
|
|
Batting: RHB Kyle Garrett
|
0-0: Ball 1-0: Called Strike 1-1: Foul Ball, location: 2F 1-2: Ball 2-2: Ball 3-2: Base on Balls Aaron Burress to second
|
|
Batting: RHB Shinji Aizawa
|
0-0: Foul Ball, location: 2F 0-1: Ball 1-1: DOUBLE (Flyball, 8RXD, EV 97.5 MPH) Aaron Burress scores Kyle Garrett to third Runner from 3rd tries for Home, SAFE, throw by CF to home
|
|
Batting: RHB Dave Cordero
|
0-0: Called Strike 0-1: Ball 1-1: Foul Ball, location: 2F 1-2: Ball 2-2: Ball 3-2: Strikes out swinging
|
| Top of the 2nd over - 7 runs, 5 hits, 0 errors, 1 left on base; Los Angeles (NYP) 7 - Batavia 0 |
| BOTTOM OF THE 2ND |
|
Batavia Muckdogs batting - Pitching for Los Angeles (NYP) Dodgers : RHP Will Lane
|
|
Batting: RHB Orlando Landa
|
0-0: Ball 1-0: Foul Ball, location: 2F 1-1: Ball 2-1: Ball 3-1: Fly out, F3 (Line Drive, 3, EV 69.4 MPH)
|
|
Batting: LHB Matt McKeon
|
0-0: Fly out, F8 (Flyball, 8LM, EV 88.1 MPH)
|
|
Batting: RHB Justin Dunham
|
0-0: Ball 1-0: Reached on error, E5 (Groundball, 56S, EV 88.8 MPH)
|
|
Batting: SHB Justin Corbett
|
0-0: Swinging Strike 0-1: Ball 1-1: Ball 2-1: Swinging Strike 2-2: Fly out, F9 (Flyball, 9, EV 76.9 MPH)
|
| Bottom of the 2nd over - 0 runs, 0 hits, 1 error, 1 left on base; Los Angeles (NYP) 7 - Batavia 0 |
| TOP OF THE 3RD |
|
Los Angeles (NYP) Dodgers batting - Pitching for Batavia Muckdogs : RHP Ib Skovgaard
|
|
Pitching: RHP Adrian Bocker
|
|
|
Batting: RHB Nick Massengale
|
0-0: Ball 1-0: Ball 2-0: Ball 3-0: Foul Ball, location: 2F 3-1: Called Strike 3-2: Fly out, F4 (Line Drive, 4, EV 66.2 MPH)
|
|
Batting: LHB Jose Mojica
|
0-0: Called Strike 0-1: Called Strike 0-2: Ball 1-2: Ground out U3 (Groundball, 3, EV 104.4 MPH)
|
|
Batting: RHB Jonathan Underhill
|
0-0: Ball 1-0: Ball 2-0: SOLO HOME RUN (Flyball, 7LD, EV 90.6 MPH), Distance : 330 ft
|
|
Batting: LHB Robin More
|
0-0: Ball 1-0: Ball 2-0: Ball 3-0: Base on Balls
|
|
Batting: SHB Justin Toth
|
0-0: Called Strike 0-1: Foul Ball, location: 2F 0-2: Foul Ball, location: 2F 0-2: Strikes out looking
|
| Top of the 3rd over - 1 run, 1 hit, 0 errors, 1 left on base; Los Angeles (NYP) 8 - Batavia 0 |
| BOTTOM OF THE 3RD |
|
Batavia Muckdogs batting - Pitching for Los Angeles (NYP) Dodgers : RHP Will Lane
|
|
Batting: RHB Axel Moltke
|
0-0: Ball 1-0: Foul Ball, location: 2F 1-1: Foul Ball, location: 2F 1-2: Strikes out looking
|
|
Batting: LHB Orlando Rivera
|
0-0: Ball 1-0: Foul Ball, location: 2F 1-1: SINGLE (Groundball, 6D, EV 106.2 MPH)
|
|
Batting: RHB Manuel Taveras
|
0-0: Ball 1-0: Ball 2-0: Called Strike 2-1: Called Strike Orlando Rivera steals 2nd base 2-2: Ball 3-2: Foul Ball, location: 2F 3-2: Foul Ball, location: 2F 3-2: Strikes out looking
|
|
Batting: RHB Nate Crofts
|
0-0: Fly out, F7 (Flyball, 78D, EV 93.8 MPH)
|
| Bottom of the 3rd over - 0 runs, 1 hit, 0 errors, 1 left on base; Los Angeles (NYP) 8 - Batavia 0 |
| TOP OF THE 4TH |
|
Los Angeles (NYP) Dodgers batting - Pitching for Batavia Muckdogs : RHP Adrian Bocker
|
|
Batting: RHB Aaron Burress
|
0-0: Foul Ball, location: 2F 0-1: Ball 1-1: Ball 2-1: Swinging Strike 2-2: Foul Ball, location: 2F 2-2: Ball 3-2: Base on Balls
|
|
Batting: RHB Kyle Garrett
|
0-0: Grounds into double play, 5-4-3 (Groundball, 56S, EV 80.0 MPH)
|
|
Batting: RHB Shinji Aizawa
|
0-0: Ball 1-0: DOUBLE (Line Drive, 89D, EV 111.2 MPH)
|
|
Batting: RHB Dave Cordero
|
0-0: Called Strike 0-1: Ball 1-1: Foul Ball, location: 2F 1-2: Foul Ball, location: 2F 1-2: Ball 2-2: Foul Ball, location: 2F 2-2: Fly out, F5 (Popup, 5SF, EV 84.4 MPH)
|
| Top of the 4th over - 0 runs, 1 hit, 0 errors, 1 left on base; Los Angeles (NYP) 8 - Batavia 0 |
| BOTTOM OF THE 4TH |
|
Batavia Muckdogs batting - Pitching for Los Angeles (NYP) Dodgers : RHP Will Lane
|
|
Batting: SHB Matt Moore
|
0-0: Ball 1-0: Foul Ball, location: 2F 1-1: TRIPLE (Flyball, 89XD, EV 101.2 MPH)
|
|
Batting: RHB Orlando Landa
|
0-0: Ball 1-0: Called Strike 1-1: Called Strike 1-2: Strikes out swinging
|
|
Batting: LHB Matt McKeon
|
0-0: Called Strike 0-1: Swinging Strike 0-2: Foul Ball, location: 2F 0-2: Strikes out swinging
|
|
Batting: RHB Justin Dunham
|
0-0: Ground out 5-3 (Groundball, 56S, EV 86.2 MPH)
|
| Bottom of the 4th over - 0 runs, 1 hit, 0 errors, 1 left on base; Los Angeles (NYP) 8 - Batavia 0 |
| TOP OF THE 5TH |
|
Los Angeles (NYP) Dodgers batting - Pitching for Batavia Muckdogs : RHP Adrian Bocker
|
|
Batting: RHB Nick Massengale
|
0-0: Ball 1-0: Ball 2-0: Ball 3-0: Called Strike 3-1: Base on Balls
|
|
Batting: LHB Jose Mojica
|
0-0: Ball Wild Pitch! Nick Massengale to second 1-0: Ball 2-0: Swinging Strike 2-1: Ball 3-1: Base on Balls
|
|
Batting: RHB Jonathan Underhill
|
0-0: Ball 1-0: Fly out, F9 (Flyball, 9D, EV 105.0 MPH) Runner from 2nd tags up, SAFE at 3rd, no throw by RF
|
|
Batting: LHB Robin More
|
0-0: Called Strike 0-1: Foul Ball, location: 2F 0-2: Ball 1-2: 3-RUN HOME RUN (Flyball, 78XD, EV 106.2 MPH), Distance : 404 ft
|
|
Pitching: RHP Tony Ledezma
|
|
|
Batting: SHB Justin Toth
|
0-0: Ball 1-0: Ball 2-0: Swinging Strike 2-1: Ground out 4-3 (Groundball, 34, EV 97.5 MPH)
|
|
Batting: RHB Aaron Burress
|
0-0: Fly out, F7 (Flyball, 78XD, EV 108.1 MPH)
|
| Top of the 5th over - 3 runs, 1 hit, 0 errors, 0 left on base; Los Angeles (NYP) 11 - Batavia 0 |
| BOTTOM OF THE 5TH |
|
Batavia Muckdogs batting - Pitching for Los Angeles (NYP) Dodgers : RHP Will Lane
|
|
Batting: SHB Justin Corbett
|
0-0: Ball 1-0: Swinging Strike 1-1: Foul Ball, location: 2F 1-2: Ball 2-2: Strikes out looking
|
|
Batting: RHB Axel Moltke
|
0-0: SINGLE (Groundball, 5D, EV 100.0 MPH)
|
|
Batting: LHB Orlando Rivera
|
0-0: Swinging Strike 0-1: Called Strike 0-2: Ball 1-2: Foul Ball, location: 2F 1-2: Ball 2-2: SINGLE (Groundball, 4MD, EV 98.8 MPH) Axel Moltke to second
|
|
Batting: RHB Manuel Taveras
|
0-0: Called Strike 0-1: Ball 1-1: Ball 2-1: Ball 3-1: SINGLE (Line Drive, 56, EV 98.8 MPH) Axel Moltke to third Orlando Rivera to second Runner from 3rd tries for Home, SAFE, throw by LF to home
|
|
Batting: RHB Nate Crofts
|
0-0: Ball 1-0: Fly out, F7 (Flyball, 78M, EV 81.2 MPH)
|
|
Batting: SHB Matt Moore
|
0-0: Foul Ball, location: 2F 0-1: Foul Ball, location: 2F 0-2: Ball 1-2: Ball 2-2: Foul Ball, location: 2F Balk! Orlando Rivera to third Manuel Taveras to second 2-2: Ball 3-2: Foul Ball, location: 2F 3-2: Base on Balls
|
|
Batting: RHB Orlando Landa
|
0-0: Foul Ball, location: 2F 0-1: Ball 1-1: Ball 2-1: Called Strike 2-2: DOUBLE (Line Drive, 3D, EV 97.5 MPH) Orlando Rivera scores Manuel Taveras scores Matt Moore to third
|
|
Batting: LHB Matt McKeon
|
0-0: Ball 1-0: Ball 2-0: Called Strike 2-1: Ground out U3 (Groundball, 34, EV 92.5 MPH)
|
| Bottom of the 5th over - 3 runs, 4 hits, 0 errors, 2 left on base; Los Angeles (NYP) 11 - Batavia 3 |
| TOP OF THE 6TH |
|
Los Angeles (NYP) Dodgers batting - Pitching for Batavia Muckdogs : RHP Tony Ledezma
|
|
Batting: RHB Kyle Garrett
|
0-0: Foul Ball, location: 2F 0-1: Ball 1-1: Ball 2-1: Ball 3-1: Swinging Strike 3-2: Base on Balls
|
|
Batting: RHB Shinji Aizawa
|
0-0: Called Strike 0-1: Swinging Strike 0-2: Ball 1-2: Ball 2-2: Ball 3-2: Base on Balls Kyle Garrett to second
|
|
Batting: RHB Dave Cordero
|
0-0: Ball 1-0: Swinging Strike 1-1: Called Strike 1-2: Ball 2-2: Foul Ball, location: 2F 2-2: Fly out, F8 (Flyball, 8RM, EV 90.6 MPH)
|
|
Batting: RHB Nick Massengale
|
0-0: Fielders Choice at 2nd, 1-6 (Groundball, 13S, EV 68.1 MPH) Kyle Garrett to third
|
|
Batting: LHB Jose Mojica
|
0-0: Ball 1-0: Ball 2-0: DOUBLE (Line Drive, 89D, EV 103.8 MPH) Kyle Garrett scores Nick Massengale to third Runner from 3rd tries for Home, SAFE, no throw by RF
|
|
Batting: RHB Jonathan Underhill
|
0-0: Ball 1-0: Swinging Strike 1-1: Swinging Strike 1-2: Foul Ball, location: 2F 1-2: Ball 2-2: Ground out 5-3 (Groundball, 56, EV 91.2 MPH)
|
| Top of the 6th over - 2 runs, 1 hit, 0 errors, 1 left on base; Los Angeles (NYP) 13 - Batavia 3 |
| BOTTOM OF THE 6TH |
|
Batavia Muckdogs batting - Pitching for Los Angeles (NYP) Dodgers : RHP Will Lane
|
|
Pitching: RHP Alberto Castillo
|
|
|
Batting: RHB Justin Dunham
|
0-0: Called Strike 0-1: Foul Ball, location: 2F 0-2: Ball 1-2: Strikes out swinging
|
|
Batting: SHB Justin Corbett
|
0-0: Called Strike 0-1: Ball 1-1: Foul Ball, location: 2F 1-2: Ball 2-2: Foul Ball, location: 2F 2-2: Foul Ball, location: 2F 2-2: Strikes out swinging
|
|
Batting: RHB Axel Moltke
|
0-0: Ball 1-0: Foul Ball, location: 2F 1-1: Ground out 6-3 (Groundball, 6MS, EV 73.1 MPH)
|
| Bottom of the 6th over - 0 runs, 0 hits, 0 errors, 0 left on base; Los Angeles (NYP) 13 - Batavia 3 |
| TOP OF THE 7TH |
|
Los Angeles (NYP) Dodgers batting - Pitching for Batavia Muckdogs : RHP Tony Ledezma
|
|
Batting: LHB Robin More
|
0-0: Ball 1-0: Foul Ball, location: 2F 1-1: Fly out, F3 (Line Drive, 3, EV 68.1 MPH)
|
|
Pinch Hitting: LHB Bobby Gambrell
|
0-0: Called Strike 0-1: Called Strike 0-2: Ball 1-2: Ball 2-2: Foul Ball, location: 2F 2-2: DOUBLE (Line Drive, 7LM, EV 90.6 MPH)
|
|
Batting: RHB Aaron Burress
|
0-0: Ball 1-0: Ball Wild Pitch! Bobby Gambrell to third 2-0: Ball 3-0: Called Strike 3-1: Base on Balls
|
|
Batting: RHB Kyle Garrett
|
0-0: Ball 1-0: Foul Ball, location: 2F 1-1: Grounds into double play, 6-4-3 (Groundball, 6, EV 107.5 MPH)
|
| Top of the 7th over - 0 runs, 1 hit, 0 errors, 1 left on base; Los Angeles (NYP) 13 - Batavia 3 |
| BOTTOM OF THE 7TH |
|
Batavia Muckdogs batting - Pitching for Los Angeles (NYP) Dodgers : RHP Alberto Castillo
|
|
Now in LF: Tony Morales
|
|
|
Pinch Hitting: RHB Calvin Morin
|
0-0: Called Strike 0-1: Ball 1-1: Called Strike 1-2: Strikes out swinging
|
|
Batting: RHB Manuel Taveras
|
0-0: Ball 1-0: Foul Ball, location: 2F 1-1: Ball 2-1: Foul Ball, location: 2F 2-2: DOUBLE (Flyball, 8LXD, EV 96.9 MPH)
|
|
Batting: RHB Nate Crofts
|
0-0: Foul Ball, location: 2F 0-1: Ball 1-1: Ground out 4-3 (Groundball, 4, EV 89.4 MPH) Manuel Taveras to third
|
|
Batting: SHB Matt Moore
|
0-0: Ball 1-0: Swinging Strike Passed Ball! Manuel Taveras scores 1-1: Ball 2-1: Swinging Strike 2-2: Ball 3-2: Base on Balls
|
|
Batting: RHB Orlando Landa
|
0-0: Called Strike 0-1: DOUBLE (Line Drive, 9LS, EV 93.1 MPH) Matt Moore to third Runner from 3rd tries for Home, SAFE, no throw by RF
|
|
Batting: LHB Matt McKeon
|
0-0: Ball 1-0: Foul Ball, location: 2F 1-1: Foul Ball, location: 2F 1-2: Strikes out swinging
|
| Bottom of the 7th over - 2 runs, 2 hits, 0 errors, 1 left on base; Los Angeles (NYP) 13 - Batavia 5 |
| TOP OF THE 8TH |
|
Los Angeles (NYP) Dodgers batting - Pitching for Batavia Muckdogs : RHP Tony Ledezma
|
|
Now in CF: Calvin Morin
|
|
|
Batting: RHB Shinji Aizawa
|
0-0: Ball 1-0: SOLO HOME RUN (Flyball, 7LD, EV 91.9 MPH), Distance : 335 ft
|
|
Batting: RHB Dave Cordero
|
0-0: DOUBLE (Line Drive, 7LS, EV 92.5 MPH)
|
|
Batting: RHB Nick Massengale
|
0-0: Fly out, F8 (Flyball, 8LM, EV 91.9 MPH)
|
|
Batting: LHB Jose Mojica
|
0-0: Swinging Strike 0-1: Ball 1-1: SINGLE (Groundball, 4S, EV 69.4 MPH) (infield hit) Dave Cordero to third
|
|
Batting: RHB Jonathan Underhill
|
0-0: Ball 1-0: Swinging Strike 1-1: Hit by Pitch Jose Mojica to second
|
|
Batting: LHB Robin More
|
0-0: Ball Wild Pitch! Dave Cordero scores Jose Mojica to third Jonathan Underhill to second 1-0: SINGLE (Line Drive, 89S, EV 105.0 MPH) Jose Mojica scores Jonathan Underhill to third Runner from 3rd tries for Home, SAFE, throw by RF to home
|
|
Pitching: RHP Eric Jordan
|
|
|
Batting: LHB Tony Morales
|
Balk! Robin More to second 0-0: Called Strike 0-1: Ball 1-1: Foul Ball, location: 2F 1-2: Ball 2-2: Ball 3-2: Ground out 4-3 (Groundball, 4S, EV 91.9 MPH) Robin More to third
|
|
Batting: RHB Aaron Burress
|
0-0: Ball 1-0: Fly out, F7 (Flyball, 7LM, EV 85.6 MPH)
|
| Top of the 8th over - 4 runs, 4 hits, 0 errors, 1 left on base; Los Angeles (NYP) 17 - Batavia 5 |
| BOTTOM OF THE 8TH |
|
Batavia Muckdogs batting - Pitching for Los Angeles (NYP) Dodgers : RHP Alberto Castillo
|
|
Batting: RHB Justin Dunham
|
0-0: Foul Ball, location: 2F 0-1: Ball 1-1: Swinging Strike 1-2: Foul Ball, location: 2F 1-2: Ball 2-2: Ball 3-2: Ground out 4-3 (Groundball, 4, EV 81.2 MPH)
|
|
Batting: SHB Justin Corbett
|
0-0: Ball 1-0: Ball 2-0: Ball 3-0: Called Strike 3-1: Called Strike 3-2: Strikes out swinging
|
|
Batting: RHB Axel Moltke
|
0-0: Ball 1-0: Swinging Strike 1-1: Ball 2-1: Swinging Strike 2-2: Ball 3-2: Ground out U3 (Groundball, 3S, EV 92.5 MPH)
|
| Bottom of the 8th over - 0 runs, 0 hits, 0 errors, 0 left on base; Los Angeles (NYP) 17 - Batavia 5 |
| TOP OF THE 9TH |
|
Los Angeles (NYP) Dodgers batting - Pitching for Batavia Muckdogs : RHP Eric Jordan
|
|
Batting: RHB Kyle Garrett
|
0-0: Ball 1-0: Foul Ball, location: 2F 1-1: Fly out, F5 (Line Drive, 56, EV 65.0 MPH)
|
|
Batting: RHB Shinji Aizawa
|
0-0: Ball 1-0: Called Strike 1-1: Ground out 3-1 (Groundball, 34, EV 96.2 MPH)
|
|
Batting: RHB Dave Cordero
|
0-0: Foul Ball, location: 2F 0-1: SINGLE (Groundball, 56D, EV 110.6 MPH)
|
|
Batting: RHB Nick Massengale
|
0-0: Foul Ball, location: 2F 0-1: Foul Ball, location: 2F 0-2: Strikes out swinging
|
| Top of the 9th over - 0 runs, 1 hit, 0 errors, 1 left on base; Los Angeles (NYP) 17 - Batavia 5 |
| BOTTOM OF THE 9TH |
|
Batavia Muckdogs batting - Pitching for Los Angeles (NYP) Dodgers : RHP Alberto Castillo
|
|
Batting: RHB Calvin Morin
|
0-0: Ground out 5-3 (Groundball, 56, EV 87.5 MPH)
|
|
Pinch Hitting: RHB Bob Raine
|
0-0: Ball 1-0: Ball 2-0: Ground out 4-3 (Groundball, 4M, EV 83.1 MPH)
|
|
Pinch Hitting: RHB Chris Riddick
|
0-0: Ball 1-0: Swinging Strike 1-1: Swinging Strike 1-2: Strikes out swinging
|
| Bottom of the 9th over - 0 runs, 0 hits, 0 errors, 0 left on base; Los Angeles (NYP) 17 - Batavia 5 |
|